 Dungeon Crawl Stone Soup version 0.31.0-9-g3a7656b989 (webtiles) character file.

Game seed: 16224256513699722732

499 qw the Ducker (level 6, -5/30 HPs)
             Began as a Spriggan Hunter on Feb 2, 2024.
             Slain by an ogre
             ... wielding a +0 giant club
              (35 damage)
             ... on level 5 of the Dungeon.
             The game lasted 00:00:10 (2019 turns).

qw the Ducker (Spriggan Hunter)                     Turns: 2019, Time: 00:00:10

Health: -5/30      AC:  2    Str:  7    XL:     6   Next: 94%
Magic:  7/7        EV: 22    Int: 11    God:
Gold:   159        SH:  0    Dex: 20    Spells: 5/5 levels left

rFire   . . .        a - +0 shortbow
rCold   . . .        (shield currently unavailable)
rNeg    . . .        c - +0 robe
rPois   .            (helmet restricted)
rElec   .            (no cloak)
rCorr   .            (gloves unavailable)
SInv    +            (boots unavailable)
Will    +....        (no amulet)
Stlth   ++           (no ring)
HPRegen 0.25/turn    (no ring)
MPRegen 0.10/turn

%: no passive effects
@: very quick
A: very small, no large weapons, unfitting armour, see invisible, speed 3
a: no special abilities


You were on level 5 of the Dungeon.
You visited 1 branch of the dungeon, and saw 4 of its levels.

You collected 159 gold pieces.


Innate Abilities, Weirdness & Mutations

You are very small and have problems with some larger weapons.
You are too small for most types of armour.
You have supernaturally acute eyesight. (SInv)
You cover ground extremely quickly. (Speed+++)


   Skills:
 - Level 2.0 Fighting
 + Level 6.5 Ranged Weapons
 - Level 7.0 Dodging
 - Level 1.5 Stealth


You had 5 spell levels left.
You didn't know any spells.
Your spell library was empty.

Inventory:

Hand Weapons
 a - a +0 shortbow (weapon)
Armour
 c - a +0 robe (worn)
Scrolls
 b - 3 scrolls of revelation {unknown}
 g - a scroll of identify
Potions
 d - a potion of curing
 e - a potion of enlightenment {unknown}
 f - a potion of resistance {unknown}
 h - a potion of haste {unknown}

Dungeon Overview and Level Annotations

Branches:
Dungeon (3/15)

Altars:
Nemelex Xobeh
The Shining One


Message History

Found a twisted smoking staff.
A malevolent force fills the Dungeon...
You fall into a shaft and drop 2 floors!
The shaft crumbles and collapses.
Found 8 gold pieces.
Waypoint 3 assigned to D:5.
You now have 143 gold pieces (gained 8).
You now have 159 gold pieces (gained 16).
An ogre comes into view. It is wielding a +0 giant spiked club.
You shoot an arrow. The arrow hits the ogre.
The ogre shouts!
The ogre is lightly wounded.
You hear a shout!
You shoot an arrow. The arrow hits the ogre!
The ogre is moderately wounded.
You shoot an arrow. The arrow hits the ogre.
The ogre is heavily wounded.
You shoot an arrow. The arrow hits the ogre!
The ogre is severely wounded.
You shoot an arrow. The arrow hits the ogre!
You kill the ogre!
Things that are here:
a +0 giant spiked club; an ogre corpse An ogre comes into view.
It is wielding a +0 giant club.
You shoot an arrow. The arrow hits the ogre.
The ogre is lightly wounded.
The ogre completely misses you.
You shoot an arrow. The arrow hits the ogre.
The ogre is lightly wounded.
The ogre misses you.
You shoot an arrow. The arrow hits the ogre.
The ogre is heavily wounded.
You shoot an arrow. The arrow hits the ogre!
The ogre is severely wounded.
The ogre barely misses you.
You shoot an arrow. The arrow barely misses the ogre.
The ogre misses you.
You shoot an arrow. The arrow barely misses the ogre.
The ogre hits you with a +0 giant club!!
Ouch! That really hurt!
You die...

#........#..#
..#.########..#
#.#........#..#
#.########.#..#
#.#........#.##
#.#.########.#
#.#........#.#
#O########.#.#
#.@..).......#
##############


You could see an ogre.

Vanquished Creatures
  Sigmund (D:2)
  An ogre (D:5)
  An orc priest (D:3)
  Natasha (thrice) (D:2)
  7 adders
  A ribbon worm (D:2)
  4 dart slugs
  3 orcs (D:3)
  4 ball pythons
  5 endoplasms
  7 goblins
  2 hobgoblins
  4 jackals
  3 quokkas (D:2)
  5 bats
  2 frilled lizards
  7 kobolds
  12 rats
72 creatures vanquished.

Notes
Turn   | Place    | Note
-------+----------+-------------------------------------------
     0 | D:1      | qw the Spriggan Hunter began the quest for the Orb.
     0 | D:1      | Reached XP level 1. HP: 10/10 MP: 2/2
     0 | D:1      | 0 ||| qw: Version: 0.3-a-155-g5e7d8dd
     0 | D:1      | 0 ||| qw: Game counter: 2774
     0 | D:1      | 0 ||| qw: Melee chars always use a shield: true
     0 | D:1      | 0 ||| qw: God list: Okawaru
     0 | D:1      | 0 ||| qw: Allow faded altars: false
     0 | D:1      | 0 ||| qw: Do Orc after clearing Dungeon:15 true
     0 | D:1      | 0 ||| qw: Do second Lair branch before Depths: true
     0 | D:1      | 0 ||| qw: Lair rune preference: random
     0 | D:1      | 0 ||| qw: Goals: Normal
     0 | D:1      | 0 ||| PLANNING D:1-11
    26 | D:1      | Reached skill level 3 in Dodging
   232 | D:1      | Reached XP level 2. HP: 14/14 MP: 3/3
   260 | D:1      | Reached skill level 4 in Dodging
   281 | D:1      | 281 ||| READING scroll labelled NUYHAU TIDAE.
   501 | D:1      | Reached XP level 3. HP: 18/18 MP: 4/4
   704 | D:1      | 704 ||| READING scroll labelled ANTALIUBEO.
   704 | D:1      | 704 ||| IDENTIFYING yellow potion
   705 | D:1      | 705 ||| DROPPING scroll of butterflies.
   809 | D:2      | Noticed Natasha
   812 | D:2      | 812 ||| FLEEEEING.
   816 | D:2      | Killed Natasha
   817 | D:2      | Reached XP level 4. HP: 16/22 MP: 5/5
   861 | D:2      | Noticed Sigmund
   881 | D:2      | Killed Sigmund
   882 | D:2      | Reached skill level 7 in Dodging
   882 | D:2      | Reached XP level 5. HP: 13/25 MP: 6/6
   961 | D:2      | Found a sparkling altar of Nemelex Xobeh.
   978 | D:2      | Reached XP level 6. HP: 30/30 MP: 7/7
   984 | D:2      | Noticed Natasha
   993 | D:2      | 993 ||| RETREEEEATING.
  1023 | D:2      | Killed Natasha
  1142 | D:2      | Identified the +7 mace of Ferocious Gallantry {venom,
                  | Int+4}
  1175 | D:2      | Noticed Natasha
  1178 | D:2      | 1178 ||| FLEEEEING.
  1179 | D:2      | 1179 ||| FLEEEEING.
  1185 | D:2      | Killed Natasha
  1480 | D:2      | 1480 ||| READING scroll labelled UGAJAZ KASK.
  1481 | D:2      | 1481 ||| DRINKING 3 dark potions.
  1482 | D:2      | 1482 ||| DROPPING 2 potions of invisibility.
  1689 | D:3      | 1689 ||| FLEEEEING.
  1693 | D:3      | 1693 ||| FLEEEEING.
  1694 | D:3      | 1694 ||| FLEEEEING.
  1695 | D:3      | 1695 ||| FLEEEEING.
  1696 | D:3      | 1696 ||| FLEEEEING.
  1697 | D:3      | 1697 ||| FLEEEEING.
  1698 | D:3      | 1698 ||| FLEEEEING.
  1699 | D:3      | 1699 ||| FLEEEEING.
  1703 | D:3      | 1703 ||| FLEEEEING.
  1704 | D:3      | 1704 ||| FLEEEEING.
  1706 | D:3      | 1706 ||| FLEEEEING.
  1707 | D:3      | 1707 ||| FLEEEEING.
  1708 | D:3      | 1708 ||| FLEEEEING.
  1709 | D:3      | 1709 ||| FLEEEEING.
  1710 | D:3      | 1710 ||| FLEEEEING.
  1713 | D:3      | 1713 ||| FLEEEEING.
  1714 | D:3      | 1714 ||| FLEEEEING.
  1715 | D:3      | 1715 ||| FLEEEEING.
  1716 | D:3      | 1716 ||| FLEEEEING.
  1717 | D:3      | 1717 ||| FLEEEEING.
  1718 | D:3      | 1718 ||| FLEEEEING.
  1719 | D:3      | 1719 ||| FLEEEEING.
  1720 | D:3      | 1720 ||| FLEEEEING.
  1721 | D:3      | 1721 ||| FLEEEEING.
  1722 | D:3      | 1722 ||| FLEEEEING.
  1723 | D:3      | 1723 ||| FLEEEEING.
  1724 | D:3      | 1724 ||| FLEEEEING.
  1725 | D:3      | 1725 ||| FLEEEEING.
  1726 | D:3      | 1726 ||| FLEEEEING.
  1728 | D:3      | 1728 ||| FLEEEEING.
  1729 | D:3      | 1729 ||| FLEEEEING.
  1730 | D:3      | 1730 ||| FLEEEEING.
  1732 | D:3      | 1732 ||| FLEEEEING.
  1733 | D:3      | 1733 ||| FLEEEEING.
  1740 | D:3      | 1740 ||| FLEEEEING.
  1741 | D:3      | 1741 ||| FLEEEEING.
  1742 | D:3      | 1742 ||| FLEEEEING.
  1744 | D:3      | 1744 ||| FLEEEEING.
  1745 | D:3      | 1745 ||| FLEEEEING.
  1746 | D:3      | 1746 ||| FLEEEEING.
  1747 | D:3      | 1747 ||| FLEEEEING.
  1748 | D:3      | 1748 ||| FLEEEEING.
  1749 | D:3      | 1749 ||| FLEEEEING.
  1750 | D:3      | 1750 ||| FLEEEEING.
  1784 | D:3      | Found a glowing golden altar of the Shining One.
  1801 | D:3      | Reached skill level 6 in Ranged Weapons
  1956 | D:3      | You fall into a shaft and drop 2 floors!
  1956 | D:5      | Entered Level 5 of the Dungeon
  2019 | D:5      | Slain by an ogre

Levels and vault maps discovered:
D:1:      ncdulo_watergridlock, layout_basic, minmay_pentomino_w4
D:2:      layout_rooms, basic_altar, st_stairs_12, uniq_sigmund, uniq_natasha
D:3:      layout_loops_ring, mainiacjoe_overflow_catwalk
D:5:      layout_basic, amcnicky_altar_gilded, serial_shops, shop,
          nicolae_stop_n_shop_1, minmay_misc_feat_tiny, minivault_27

Skill      XL: |  1  2  3  4  5  6 |
---------------+-------------------+-----
Dodging        | 3 4 7 |  7.0
Ranged Weapons | 5 6 |  6.5
Fighting       | 2 |  2.0
Stealth        | |  1.5

Action                     |  1- 3 |  4- 6 || total
---------------------------+-------+-------++-------
   Fire: Shortbow          |    63 |   191 ||   254
    Use: Scroll            |     2 |     1 ||     3
         Potion            |       |     1 ||     1
 Armour: Robe              |     4 |    28 ||    32
  Dodge: Dodged            |    13 |    94 ||   107

Table legend:
 A = Non-vault XP
 B = Vault XP
 C = Vault XP percentage of total XP
 D = Non-vault monster count
 E = Vault monster count
 F = Vault count percentage of total count
                 A         B        C        D         E       F
            +---------+---------+-------+---------+---------+-------
      Total |     428 |     285 |  40.0 |      62 |      10 |  13.9
            +---------+---------+-------+---------+---------+-------
        D:1 |      34 |       9 |  20.9 |      19 |       7 |  26.9
        D:2 |     176 |     276 |  61.1 |      28 |       3 |   9.7
        D:3 |      93 |       0 |   0.0 |      14 |       0 |   0.0
        D:5 |     125 |       0 |   0.0 |       1 |       0 |   0.0
            +---------+---------+-------+---------+---------+-------
